 Dungeon Crawl Stone Soup version 0.29.1-15-g9cfb28693d (webtiles) character file.

Game seed: 1321271406232281464

67 asdfasdf the Trooper (level 4, -3/41 HPs)
             Began as a Hill Orc Fighter on Apr 29, 2023.
             Slain by Crazy Yiuf
             ... wielding a +3 quarterstaff of chaos
              (11 damage)
             ... on level 2 of the Dungeon.
             The game lasted 00:02:20 (2228 turns).

asdfasdf the Trooper (Hill Orc Fighter)             Turns: 2228, Time: 00:02:21

Health: -3/41      AC:  6    Str: 20    XL:     4   Next: 16%
Magic:  4/4        EV:  9    Int:  8    God:
Gold:   134        SH:  4    Dex: 10    Spells: 3/3 levels left

rFire   . . .      SeeInvis .   a - +0 war axe
rCold   . . .      Faith    .   c - +0 buckler
rNeg    . . .      Spirit   .   b - +0 scale mail
rPois   .          Reflect  .   (no helmet)
rElec   .          Harm     .   (no cloak)
rCorr   .          Rampage  .   (no gloves)
Will    .....                   (no boots)
Stlth   ..........              (no amulet)
HPRegen 0.13/turn               (no ring)
MPRegen 0.09/turn               (no ring)

@: no status effects
A: no striking features
a: no special abilities


You were on level 2 of the Dungeon.
You visited 1 branch of the dungeon, and saw 2 of its levels.

You collected 134 gold pieces.

Inventory:

Hand Weapons
 a - a +0 war axe (weapon)
Armour
 b - a +0 scale mail (worn)
 c - a +0 buckler (worn)
Jewellery
 i - an amulet of reflection
Scrolls
 f - a scroll of vulnerability {unknown}
 h - 2 scrolls of identify {unknown}
Potions
 d - a potion of might
 e - a potion of mutation {unknown}
 g - a potion of attraction {unknown}
 j - a potion of resistance {unknown}
 k - a potion of haste {unknown}


   Skills:
 + Level 4.6 Fighting
 + Level 4.0 Axes
 + Level 3.5 Armour
 + Level 0.1 Dodging
 + Level 3.6 Shields


You had 3 spell levels left.
You didn't know any spells.
Your spell library was empty.

Dungeon Overview and Level Annotations

Branches:
Dungeon (2/15)

Altars:

Annotations:
D:2 Crazy Yiuf


Message History

You see here a ball python corpse.
There is a shaft here.
You see here 3 stones.
Found a stone staircase leading down.
You now have 126 gold pieces (gained 13).
You now have 132 gold pieces (gained 6).
Found a stone staircase leading down.
A goblin comes into view. It is wielding a +0 dagger.
The goblin shouts!
You miss the goblin. The goblin hits you but does no damage.
You barely miss the goblin.
The goblin hits you but does no damage. x2
You barely miss the goblin. The goblin hits you with a +0 dagger.
You hit the goblin.
You kill the goblin!
Your Axes skill increases to level 4!
Things that are here:
a +0 dagger; a goblin corpse A bat comes into view.
The bat closely misses you. x2
The bat completely misses you. The bat hits you. The bat barely misses you.
The bat hits you but does no damage.
You slash the bat!
You kill the bat!
Found a stone staircase leading down.
k - a bubbling brown potion You now have 134 gold pieces (gained 2).
Found a hammer.
Found a runed translucent door.
Crazy Yiuf shouts!
You open the door. You closely miss Crazy Yiuf.
Crazy Yiuf zaps a wand.
The puff of flame hits you.
You hit Crazy Yiuf.
Crazy Yiuf is moderately wounded.
Crazy Yiuf hits you with a +3 quarterstaff of chaos!
You are electrocuted!
Crazy Yiuf zaps a wand.
The puff of flame hits you!
* * * LOW HITPOINT WARNING * * *
You hit Crazy Yiuf.
Crazy Yiuf is moderately wounded.
Crazy Yiuf hits you with a +3 quarterstaff of chaos!
You die...

..................#.#.#<......# #
####..####........#.#.#.#.....###
#..# #..........#.#..........
#####.###################.....###
........# #.....###
.######.##♣♣♣♣♣ ##....#.. .#
#.....♣.♣♣♣ ### #....### .#
##......♣..♣#...# ##.#####
.#####......♣♣♣♣@g...# #......#
...........♣♣ ♣♣#..)# #......#
######.###♣♣ ### #...)..# #.#
###......# #.# #.......)#
#.############### ###.......
#.#....#)....##.# #####.#.
#.#.##.......##.# ##.##
######.#.####.....##.# #....


You could see Crazy Yiuf.

Vanquished Creatures
  3 adders (D:2)
  4 ball pythons
  2 endoplasms (D:1)
  A giant cockroach (D:1)
  2 hobgoblins (D:1)
  7 kobolds
  A quokka (D:2)
  4 bats
  2 frilled lizards
  6 goblins
  6 rats (D:1)
38 creatures vanquished.

Notes
Turn   | Place    | Note
-------+----------+-------------------------------------------
     0 | D:1      | asdfasdf the Hill Orc Fighter began the quest for the Orb.
     0 | D:1      | Reached XP level 1. HP: 19/19 MP: 1/1
   241 | D:1      | Found a faded altar of an unknown god.
   318 | D:1      | Reached XP level 2. HP: 27/27 MP: 2/2
  1018 | D:1      | Reached XP level 3. HP: 29/34 MP: 3/3
  1645 | D:2      | Reached XP level 4. HP: 35/41 MP: 4/4
  2221 | D:2      | Found a runed translucent door.
  2222 | D:2      | Noticed Crazy Yiuf
  2228 | D:2      | Slain by Crazy Yiuf

Illustrated notes

Levels and vault maps discovered:
D:1:      dpeg_arrival_fog, layout_basic,
          shapermc_ecumenical_altar_mp_ritualfount, minmay_misc_feat_ornament
D:2:      layout_basic, roderic_lattice_a, minmay_octomino_j4,
          uniq_crazy_yiuf_cottage

Skill      XL: |  1  2  3  4 |
---------------+-------------+-----
Fighting       | 4 |  4.6
Axes           | 3 4 |  4.0
Armour         | |  3.5
Dodging        | |  0.1
Shields        | |  3.6

Action                   |  1- 3 |  4- 6 || total
-------------------------+-------+-------++-------
Melee: War axe           |    78 |    15 ||    93
Armor: Scale mail        |    58 |     6 ||    64
Dodge: Dodged            |    59 |     7 ||    66
Block: Buckler           |    32 |       ||    32
